[Event "Early Titled Tuesday Blitz | February 8 2022"]
[White "Borisova, Ekaterina"]
[Black "Cherniaiev, Tykhon"]
[WhiteFideId "34124184"]
[BlackFideId "14182360"]
[WhiteElo "2034"]
[BlackElo "2289"]
[Result "1/2-1/2"]
[Round "06"]
[TimeControl "180+1"]
[Date "2022.02.08"]
[WhiteClock "0:00:03"]
[BlackClock "0:00:12"]

1. d4 Nf6 2. c4 e6 3. Nc3 d5 4. cxd5 exd5 5. Bg5 Bb4 6. Nf3 O-O 7. e3 h6 8. Bh4 Bf5 9. Ne5 c5 10. Be2 Nc6 11. O-O cxd4 12. exd4 Be7 13. Re1 Re8 14. Bf3 Be6 15. a3 Qb6 16. Bxf6 Bxf6 17. Nxd5 Bxd5 18. Bxd5 Nxe5 19. dxe5 Bxe5 20. Qf3 Re7 21. g3 Kh8 22. Re2 Rae8 23. Rae1 Qf6 24. Bxb7 Bxb2 25. Rxe7 Rxe7 26. Rxe7 Qxe7 27. Bd5 Kg8 28. Qb3 Bxa3 29. Bxf7+ Qxf7 30. Qxa3 Kh7 31. h4 Qd7 32. Qa6 Qd4 33. Kg2 Qe4+ 34. Kh2 Qd4 35. Kg2 Qb6 36. Qd3+ Qg6 37. Qa3 a6 38. h5 Qc6+ 39. Kh2 Qb5 40. g4 a5 41. Qa2 Qe5+ 42. Kg2 Qe4+ 43. f3 Qe5 44. Qc2+ Kg8 45. Qc8+ Kf7 46. Qb7+ Kf6 47. Qa6+ Kf7 48. Qb7+ Kf8 49. Qa8+ Ke7 50. Qb7+ Kd6 51. Qb8+ Kd5 52. Qb5+ Ke6 53. Qb6+ Kf7 54. Qb7+ 1/2-1/2


[Site "https://www.chess.com"]

[Event "Early Titled Tuesday Blitz | February 8 2022"]
[White "Brodowski, Piotr"]
[Black "Di Nicolantonio, Lucas"]
[WhiteFideId "1124480"]
[BlackFideId "680460"]
[WhiteElo "2422"]
[BlackElo "2381"]
[Result "0-1"]
[Round "06"]
[TimeControl "180+1"]
[Date "2022.02.08"]
[WhiteClock "0:00:10"]
[BlackClock "0:00:08"]

1. c4 e6 2. Nf3 Nf6 3. e3 d5 4. b3 Be7 5. Bb2 O-O 6. Qc2 b6 7. g3 Bb7 8. Bg2 dxc4 9. bxc4 Be4 10. Qc1 c5 11. O-O Nc6 12. Nc3 Bd3 13. Rd1 Bxc4 14. d4 Qc7 15. Ne5 Bd5 16. e4 Nxd4 17. Nxd5 Nxd5 18. exd5 Ne2+ 19. Kf1 Nxc1 20. Raxc1 Rad8 21. dxe6 fxe6 22. Bh3 Rf6 23. f4 h6 24. Ke2 Rxd1 25. Rxd1 Bd6 26. Nc4 Bf8 27. Bxf6 gxf6 28. Bxe6+ Kh8 29. f5 Qg7 30. Kf3 Qg5 31. Rd8 Qh5+ 32. Kf2 Qxh2+ 33. Kf3 Qh1+ 34. Kg4 Kg7 35. Rd7+ Kh8 36. Nd2 h5+ 37. Kf4 Bh6# 0-1


[Site "https://www.chess.com"]

[Event "Early Titled Tuesday Blitz | February 8 2022"]
[White "Bruned, Yvain"]
[Black "Miszler, Levente"]
[WhiteFideId "2250292"]
[BlackFideId "763276"]
[WhiteElo "2073"]
[BlackElo "1966"]
[Result "0-1"]
[Round "06"]
[TimeControl "180+1"]
[Date "2022.02.08"]
[WhiteClock "0:00:03"]
[BlackClock "0:00:05"]

1. b3 c5 2. Bb2 Nc6 3. e3 Nf6 4. Bxf6 gxf6 5. c4 Bg7 6. Nc3 f5 7. g3 b6 8. Bg2 Bb7 9. Nge2 e6 10. O-O O-O 11. d4 d6 12. Rc1 Qe7 13. a3 Rfd8 14. d5 Ne5 15. Nf4 Ng6 16. Qc2 e5 17. Nh5 Bh8 18. Qxf5 Bc8 19. Qf3 f5 20. e4 Rf8 21. exf5 Bxf5 22. Qe2 Qg5 23. h4 Qh6 24. Ne4 Rad8 25. Rce1 Ne7 26. g4 Bg6 27. g5 Qxh5 28. Qxh5 Bxh5 29. Bh3 Nf5 30. Ng3 Bg6 31. h5 Nxg3 32. fxg3 Bxh5 33. Be6+ Kg7 34. Rf2 Rxf2 35. Kxf2 Rf8+ 36. Kg2 Bf7 37. g4 Bxe6 38. dxe6 Re8 39. Kf3 Rxe6 40. Ke4 Kf7 41. Kd5 Ke7 42. Rh1 Rg6 43. Rxh7+ Bg7 44. Rh5 e4 45. Kxe4 Ke6 46. b4 a6 47. Kd3 Ke5 48. Rh3 Rxg5 49. Re3+ Kf4 50. Re4+ Kf3 51. Re7 Rxg4 52. Rb7 cxb4 53. axb4 b5 54. cxb5 axb5 55. Rxb5 Be5 56. Kd2 Rd4+ 57. Kc2 Ke4 58. Rb7 Rc4+ 59. Kd2 d5 60. b5 Rb4 61. Ke2 Rb2+ 62. Kf1 d4 63. b6 d3 64. Ke1 Ke3 65. Kf1 d2 66. Kg2 d1=Q+ 67. Kh3 Qf3+ 68. Kh4 Bf6# 0-1


[Site "https://www.chess.com"]

[Event "Early Titled Tuesday Blitz | February 8 2022"]
[White "Budrewicz, Krzysztof"]
[Black "Indjic, Aleksandar"]
[WhiteFideId "1127950"]
[BlackFideId "911925"]
[WhiteElo "2248"]
[BlackElo "2616"]
[Result "0-1"]
[Round "06"]
[TimeControl "180+1"]
[Date "2022.02.08"]
[WhiteClock "0:00:02"]
[BlackClock "0:01:30"]

1. d4 Nf6 2. c4 c5 3. d5 e6 4. Nc3 exd5 5. cxd5 d6 6. Nf3 g6 7. Nd2 Bg7 8. e4 O-O 9. Be2 Re8 10. O-O Nbd7 11. Re1 Ne5 12. h3 g5 13. Nf1 g4 14. Bg5 gxh3 15. g3 h6 16. Bc1 a6 17. a4 Rb8 18. Nh2 Bd7 19. f4 Ng6 20. Bf3 b5 21. axb5 axb5 22. Ra6 b4 23. Nb1 Bb5 24. Ra1 c4 25. Kh1 Ra8 26. Rxa8 Qxa8 27. Nd2 c3 28. bxc3 bxc3 29. Nb3 Ba4 30. Ba3 Qb8 31. e5 dxe5 32. f5 Nf8 33. d6 Qxb3 34. Qc1 N8d7 35. Nf1 e4 36. Bd1 Qb5 37. Be2 Qc6 38. Ne3 c2 39. Bf1 Rc8 40. Bxh3 Ne5 41. Bg2 Nd3 0-1


[Site "https://www.chess.com"]

[Event "Early Titled Tuesday Blitz | February 8 2022"]
[White "Carrasco Miranda, Andres"]
[Black "Iljushina, Olga"]
[WhiteFideId "3405990"]
[BlackFideId "4152280"]
[WhiteElo "2177"]
[BlackElo "1937"]
[Result "1/2-1/2"]
[Round "06"]
[TimeControl "180+1"]
[Date "2022.02.08"]
[WhiteClock "0:01:02"]
[BlackClock "0:00:19"]

1. d4 Nf6 2. c4 e6 3. g3 Bb4+ 4. Nd2 c5 5. Nf3 Nc6 6. a3 Bxd2+ 7. Qxd2 cxd4 8. Nxd4 O-O 9. Bg2 Qb6 10. Nc2 Na5 11. Qc3 Nb3 12. Rb1 Nxc1 13. Rxc1 d5 14. O-O dxc4 15. Ne3 Bd7 16. Nxc4 Qc7 17. Ne5 Qxc3 18. Rxc3 Bb5 19. Bxb7 Bxe2 20. Bxa8 Bxf1 21. Kxf1 Rxa8 22. b4 Nd5 23. Rc5 Kf8 24. Nc4 Ke7 25. b5 f6 26. a4 Kd7 27. a5 Rc8 28. Rxc8 Kxc8 29. b6 axb6 30. axb6 Kb7 31. Ke2 Nxb6 32. Nd6+ Kc6 33. Ne8 Kd5 34. Nxg7 Nd7 35. Ne8 Ke5 36. f4+ Kd4 37. Kf3 e5 38. fxe5 fxe5 39. Nd6 Nc5 40. Nf5+ Kd3 41. Kg4 e4 42. Kh5 e3 43. Nxe3 Kxe3 44. Kh6 Ne4 45. Kxh7 Kf3 46. Kg6 Nxg3 47. h4 Kg4 48. h5 Nxh5 1/2-1/2


[Site "https://www.chess.com"]

[Event "Early Titled Tuesday Blitz | February 8 2022"]
[White "Carre, Sylvain"]
[Black "Vetokhin, Ilia"]
[WhiteFideId "642118"]
[BlackFideId "24156078"]
[WhiteElo "2105"]
[BlackElo "1897"]
[Result "0-1"]
[Round "06"]
[TimeControl "180+1"]
[Date "2022.02.08"]
[WhiteClock "0:00:17"]
[BlackClock "0:00:29"]

1. d4 Nf6 2. Bf4 g6 3. e3 Bg7 4. Be2 O-O 5. Nf3 c5 6. c3 b6 7. O-O Bb7 8. Nbd2 d6 9. h3 Nbd7 10. Bh2 Ne4 11. Nxe4 Bxe4 12. Nd2 Bb7 13. Bf3 Qc7 14. Bxb7 Qxb7 15. Qf3 Qxf3 16. Nxf3 Rfc8 17. Rfe1 Kf8 18. Kf1 h6 19. Ke2 b5 20. a3 Rab8 21. Rec1 a5 22. Kd3 Ke8 23. g4 a4 24. Bf4 Nb6 25. Nd2 Rb7 26. Rab1 e5 27. dxe5 dxe5 28. Bg3 Rd7+ 29. Kc2 Rcd8 30. Rd1 f5 31. gxf5 gxf5 32. Nf3 Nc4 33. Nh4 Rd2+ 34. Rxd2 Rxd2+ 35. Kc1 f4 36. exf4 exf4 37. Bxf4 Rxf2 38. Nf5 Rxf4 39. Nxg7+ Kf7 40. Nh5 Rf3 41. Kc2 Kg6 42. Rg1+ Kxh5 43. Rg8 Rf2+ 44. Kb1 Rxb2+ 45. Ka1 Rb3 46. Rc8 Rxa3+ 47. Kb1 Rxc3 48. Ka1 Nd2 49. Rxc5+ Rxc5 0-1


[Site "https://www.chess.com"]

[Event "Early Titled Tuesday Blitz | February 8 2022"]
[White "Caruana, Fabiano"]
[Black "Kamsky, Gata"]
[WhiteFideId "2020009"]
[BlackFideId "2000024"]
[WhiteElo "2744"]
[BlackElo "2645"]
[Result "1/2-1/2"]
[Round "06"]
[TimeControl "180+1"]
[Date "2022.02.08"]
[WhiteClock "0:00:04"]
[BlackClock "0:00:11"]

1. e4 e5 2. Nf3 Nc6 3. Bb5 Nf6 4. O-O Nxe4 5. d4 Nd6 6. Bxc6 dxc6 7. dxe5 Nf5 8. Qxd8+ Kxd8 9. Rd1+ Ke8 10. Nc3 h5 11. Bf4 Be7 12. Ne4 a5 13. a4 Be6 14. b3 Bd5 15. Re1 b5 16. Rad1 bxa4 17. bxa4 Kf8 18. Nfg5 f6 19. exf6 gxf6 20. Nf3 Ra7 21. h3 Kf7 22. Rd3 Rb7 23. Nfd2 Rb4 24. Bxc7 Rg8 25. Bxa5 Rxa4 26. Bc3 Ra2 27. Rc1 Ra4 28. Re1 Ra2 29. g3 Rxc2 30. Rf3 Kg6 31. Rf4 Bd8 32. Ba1 Bc7 33. Rf3 Rf8 34. Rc3 Ra2 35. Rcc1 Bb6 36. Bc3 Rfa8 37. Ra1 Rxa1 38. Rxa1 Rxa1+ 39. Bxa1 Nd4 40. Kf1 Nf3 41. Nxf3 Bxe4 42. Nh4+ Kf7 43. Ng2 Bf5 44. Nf4 Bc7 45. Nxh5 Bxh3+ 46. Kg1 Bd8 47. Nf4 Bf5 48. Bd4 Be4 49. Kf1 Be7 50. Ke2 c5 51. Bc3 c4 52. f3 Bc2 53. Nd5 Bd8 54. g4 f5 55. Ne3 Bd3+ 56. Kf2 fxg4 57. Nxg4 Ke6 58. f4 Kf5 59. Kf3 Be4+ 60. Kg3 Bd3 61. Kf3 Be4+ 62. Kg3 Bd3 63. Kf3 1/2-1/2


[Site "https://www.chess.com"]

[Event "Early Titled Tuesday Blitz | February 8 2022"]
[White "Coto Mederos, Michel"]
[Black "Zubov, Alexander"]
[WhiteFideId "3508528"]
[BlackFideId "14109409"]
[WhiteElo "2427"]
[BlackElo "2685"]
[Result "0-1"]
[Round "06"]
[TimeControl "180+1"]
[Date "2022.02.08"]
[WhiteClock "0:00:01"]
[BlackClock "0:00:17"]

1. c4 c5 2. Nc3 g6 3. Nf3 Bg7 4. e3 Nf6 5. d4 cxd4 6. exd4 d5 7. cxd5 Nxd5 8. Be2 O-O 9. O-O Nc6 10. Re1 b6 11. Bg5 Bb7 12. Bb5 Rc8 13. Rc1 Qd6 14. Ne4 Qb4 15. Qd3 Nxd4 16. Nxd4 Qxd4 17. Qxd4 Bxd4 18. b3 f6 19. Bh6 Rfd8 20. Rcd1 Be5 21. Bc4 a6 22. a4 Rd7 23. Rd3 Rcd8 24. Red1 Kf7 25. h3 e6 26. g3 g5 27. f4 gxf4 28. gxf4 Bc7 29. f5 Be5 30. fxe6+ Kxe6 31. Be3 Kf5 32. Bxd5 Rxd5 33. Rxd5 Rxd5 34. Rxd5 Bxd5 35. Nd2 b5 36. axb5 axb5 37. Kf2 h5 38. Bc5 h4 39. Ke2 Bg2 40. Be3 Bxh3 41. Bf2 Bg4+ 42. Kd3 h3 43. Bg1 h2 44. Bxh2 Bxh2 45. b4 Bd6 46. Nb3 Be5 47. Nc5 Bh3 48. Nd7 Bf1+ 49. Kc2 Ke4 50. Nc5+ Kd4 51. Nb3+ Kd5 52. Nd2 Bc4 53. Nf3 f5 54. Ne1 f4 55. Kd2 Bd4 56. Nc2 f3 57. Ne3+ Ke4 58. Ng4 f2 59. Nh2 Be5 60. Nf1 Bxf1 0-1


[Site "https://www.chess.com"]

[Event "Early Titled Tuesday Blitz | February 8 2022"]
[White "Cunjalo, Faris"]
[Black "De Silva, L M S T"]
[WhiteFideId "14410710"]
[BlackFideId "9953698"]
[WhiteElo "2263"]
[BlackElo "1631"]
[Result "1/2-1/2"]
[Round "06"]
[TimeControl "180+1"]
[Date "2022.02.08"]
[WhiteClock "0:00:04"]
[BlackClock "0:00:19"]

1. c4 e5 2. g3 Nf6 3. Bg2 d5 4. cxd5 Nxd5 5. Nf3 Nc6 6. O-O Nb6 7. b3 Be6 8. Bb2 f6 9. Nc3 Qd7 10. d4 exd4 11. Nb5 O-O-O 12. Rc1 d3 13. Nfd4 Nxd4 14. Nxd4 Bd5 15. Qxd3 Bxg2 16. Kxg2 Kb8 17. Rfd1 Bd6 18. Nb5 Qe6 19. a4 a6 20. Nd4 Qd7 21. a5 Nd5 22. Qf3 Ne7 23. Rc4 h5 24. h3 g5 25. Qxf6 g4 26. h4 Rdf8 27. Qe6 Qe8 28. Nc2 Rh7 29. Bd4 Rhf7 30. Be3 Qb5 31. Rxd6 cxd6 32. Qxd6+ Ka8 33. Nb4 Nf5 34. Qe6 Nxe3+ 35. Qxe3 Rxf2+ 36. Qxf2 Rxf2+ 37. Kxf2 Qxa5 38. Nd3 Qb5 39. Rc3 Ka7 40. b4 Qd5 41. Rc5 Qh1 42. Nf4 Qb1 43. Nd3 Qh1 44. Nf4 Qa1 45. Nd3 Qh8 46. Re5 Kb6 47. Kg2 Qh6 48. Rg5 Ka7 49. Kf2 Qf6+ 50. Kg2 Qe6 51. Re5 Qa2 52. Kf2 Qb1 53. Rxh5 Qh1 54. Nf4 Qb1 55. Nd3 Qh1 56. Ne1 Qe4 57. Nd3 Qh1 1/2-1/2


[Site "https://www.chess.com"]

[Event "Early Titled Tuesday Blitz | February 8 2022"]
[White "Dahanayake, Isara Banidu"]
[Black "Dobre, Claudiu-Cristian"]
[WhiteFideId "9932631"]
[BlackFideId "1211854"]
[WhiteElo "1394"]
[BlackElo "2207"]
[Result "0-1"]
[Round "06"]
[TimeControl "180+1"]
[Date "2022.02.08"]
[WhiteClock "0:02:03"]
[BlackClock "0:02:25"]

1. e4 Nc6 2. d4 d5 3. exd5 Qxd5 4. Nf3 e5 5. dxe5 Qxd1+ 6. Kxd1 Bg4 7. Be2 O-O-O+ 8. Nbd2 Bc5 9. Ke1 Nb4 10. Bd1 Ne7 11. c3 Nd3+ 12. Kf1 Nxf2 0-1


[Site "https://www.chess.com"]

[Event "Early Titled Tuesday Blitz | February 8 2022"]
[White "De Arruda, Leandro Formes"]
[Black "Flis, Pawel"]
[WhiteFideId "22722009"]
[BlackFideId "1112864"]
[WhiteElo "1780"]
[BlackElo "1735"]
[Result "1-0"]
[Round "06"]
[TimeControl "180+1"]
[Date "2022.02.08"]
[WhiteClock "0:00:10"]
[BlackClock "0:00:08"]

1. d4 Nf6 2. Nf3 g6 3. g3 Bg7 4. Bg2 O-O 5. O-O d6 6. Re1 Nbd7 7. Nbd2 e5 8. c3 c6 9. Qc2 Qc7 10. b3 Nb6 11. Bb2 Re8 12. Rac1 a5 13. a4 exd4 14. cxd4 Nbd5 15. Ba3 Nb4 16. Bxb4 axb4 17. e4 Bg4 18. h4 Qd7 19. Nc4 Rad8 20. Nh2 Bh3 21. Nb6 Qc7 22. Bxh3 Qxb6 23. Rcd1 h5 24. Nf3 Ng4 25. Bxg4 hxg4 26. Nh2 Bxd4 27. Nxg4 Bc3 28. Re3 Kg7 29. Rxc3 bxc3 30. Qxc3+ Kf8 31. Re1 Qc5 32. Qh8+ Ke7 33. Qf6+ Kf8 34. Nh6 Rd7 35. Qh8+ Ke7 36. Ng8+ Kd8 37. Qf6+ Kc7 38. Nh6 Qe5 39. Qf3 g5 40. Nxf7 Qe7 41. Nxg5 Rf8 42. Qg4 Qg7 43. Ne6+ Kb6 44. Nxg7 Rxg7 45. Qxg7 Re8 46. Qg6 Kc7 47. Qxe8 Kb6 48. Qd8+ Kc5 49. Rc1+ Kd4 50. Qxd6+ Kxe4 51. Re1+ Kf5 52. Re5+ Kg4 53. Qe6+ Kf3 54. Qf5# 1-0


[Site "https://www.chess.com"]

[Event "Early Titled Tuesday Blitz | February 8 2022"]
[White "Deac, Bogdan-Daniel"]
[Black "Ozen, Deniz"]
[WhiteFideId "1226380"]
[BlackFideId "6349196"]
[WhiteElo "2646"]
[BlackElo "2326"]
[Result "1-0"]
[Round "06"]
[TimeControl "180+1"]
[Date "2022.02.08"]
[WhiteClock "0:00:03"]
[BlackClock "0:00:01"]

1. e4 e5 2. Nf3 Nf6 3. Nxe5 d5 4. exd5 Qxd5 5. Nf3 Bg4 6. Nc3 Qh5 7. Qe2+ Kd8 8. h3 Bd6 9. d3 Nc6 10. Be3 Re8 11. Qd1 Bb4 12. Be2 Nd5 13. Qd2 Nxe3 14. fxe3 Be6 15. a3 Ba5 16. O-O-O Qh6 17. e4 Qg6 18. d4 Bd7 19. Bd3 Kc8 20. Qf4 Bxc3 21. bxc3 f6 22. e5 Qf7 23. exf6 gxf6 24. Rhe1 Rd8 25. g4 Qa2 26. Kd2 Qxa3 27. Qxf6 Rf8 28. Qg7 Rxf3 29. Qxh7 Rf2+ 30. Re2 Rxe2+ 31. Kxe2 Qxc3 32. Qh8+ Nd8 33. Rf1 Qa5 34. Rf8 c6 35. Kf2 Qc7 36. Qf6 Qh2+ 37. Ke1 Qc7 38. g5 b5 39. g6 Kb7 40. g7 Be6 41. h4 Qg3+ 42. Kd2 Qg2+ 43. Kc1 Qg1+ 44. Kb2 b4 45. Qe7+ Kb6 46. Rxd8 1-0


[Site "https://www.chess.com"]

[Event "Early Titled Tuesday Blitz | February 8 2022"]
[White "Decuigniere, Tom"]
[Black "Tologon tegin, Semetei"]
[WhiteFideId "26093820"]
[BlackFideId "13800574"]
[WhiteElo "1997"]
[BlackElo "2258"]
[Result "0-1"]
[Round "06"]
[TimeControl "180+1"]
[Date "2022.02.08"]
[WhiteClock "0:00:08"]
[BlackClock "0:00:08"]

1. c4 Nf6 2. Nc3 e6 3. e4 d6 4. d4 g6 5. Be2 Bg7 6. h4 h5 7. Bg5 Nc6 8. Nf3 Ne7 9. Qd2 b6 10. e5 dxe5 11. dxe5 Qxd2+ 12. Nxd2 Ng4 13. f4 Bb7 14. Nb5 Rc8 15. Nxa7 Rd8 16. Nb5 Rd7 17. Bf3 Bxf3 18. gxf3 Ne3 19. Ke2 N7f5 20. Ne4 O-O 21. Rac1 Ra8 22. a3 Kh8 23. Rc3 Bf8 24. Rxe3 Nxe3 25. Kxe3 Ra4 26. b3 Ra5 27. a4 c6 28. Nbd6 Bxd6 29. Nxd6 Kg7 30. Bf6+ Kf8 31. Rd1 Raa7 32. Ke2 c5 33. Ne4 Rxd1 34. Kxd1 Rd7+ 35. Kc2 Ke8 36. Nc3 Rd4 37. Ne2 Rd7 38. Kc3 Rd1 39. b4 cxb4+ 40. Kxb4 Rd2 41. Nc3 Rd3 42. Ne4 Rxf3 43. Bg5 Kd7 44. c5 Kc6 45. cxb6 Kxb6 46. a5+ Kc6 47. Nd6 Rf1 48. Nxf7 Rb1+ 49. Kc4 Ra1 50. Nd8+ Kd7 51. Nb7 Kc6 52. Nc5 Rc1+ 53. Kd4 Rxc5 54. Bd8 Rd5+ 0-1


[Site "https://www.chess.com"]

[Event "Early Titled Tuesday Blitz | February 8 2022"]
[White "Delorme, Alban"]
[Black "Komissarov, Alexey"]
[WhiteFideId "623636"]
[BlackFideId "4176545"]
[WhiteElo "2197"]
[BlackElo "2216"]
[Result "1-0"]
[Round "06"]
[TimeControl "180+1"]
[Date "2022.02.08"]
[WhiteClock "0:00:21"]
[BlackClock "0:00:18"]

1. e4 e5 2. Nf3 Nc6 3. Bc4 Nf6 4. d4 exd4 5. e5 d5 6. Bb5 Ne4 7. Nxd4 Bc5 8. Be3 Bd7 9. Bxc6 bxc6 10. O-O Qe7 11. f3 Nd6 12. Re1 Nc4 13. Bf2 Nxb2 14. Qc1 Nc4 15. Nc3 O-O 16. Na4 Ba3 17. Qf4 c5 18. Bh4 Qe8 19. Bf6 gxf6 20. exf6 Kh8 21. Rxe8 Raxe8 22. Nf5 Bxa4 23. Ne7 Bb2 24. Re1 Bd4+ 25. Kh1 Rg8 26. h4 Bxc2 27. Qh6 1-0


[Site "https://www.chess.com"]

[Event "Early Titled Tuesday Blitz | February 8 2022"]
[White "Demchenko, Anton"]
[Black "Arabidze, Meri"]
[WhiteFideId "4160258"]
[BlackFideId "13604040"]
[WhiteElo "2539"]
[BlackElo "2329"]
[Result "0-1"]
[Round "06"]
[TimeControl "180+1"]
[Date "2022.02.08"]
[WhiteClock "0:00:05"]
[BlackClock "0:00:14"]

1. e4 c5 2. Nf3 e6 3. g3 Nc6 4. Bg2 Nf6 5. Qe2 d6 6. O-O Be7 7. c3 O-O 8. Rd1 Bd7 9. d4 cxd4 10. cxd4 d5 11. e5 Ne4 12. Be3 Rc8 13. Ne1 h6 14. f3 Ng5 15. Nc3 Na5 16. f4 Nh7 17. Nd3 Nc4 18. Bf2 b5 19. Rac1 b4 20. Nb1 Qa5 21. b3 Na3 22. Nxa3 bxa3 23. Nc5 Bb5 24. Qe1 Bd8 25. Bf3 Re8 26. h4 Nf8 27. b4 Qb6 28. Qc3 Bc4 29. Qxa3 a5 30. Be1 axb4 31. Bxb4 Be7 32. Rb1 Ra8 33. Qc3 Rxa2 34. Nd7 Nxd7 35. Bxe7 Qa6 36. Bd6 Nb6 37. Ra1 Ra8 38. Rxa2 Qxa2 39. Qd2 Qxd2 40. Rxd2 Ra1+ 41. Kf2 Na4 42. Bb4 Rf1+ 43. Kg2 Rb1 44. Ba5 Nb2 45. Bc3 Nd3 46. Be2 Nc1 47. Bxc4 dxc4 48. d5 exd5 49. Rxd5 Na2 50. Ba5 c3 51. Rc5 Rc1 52. f5 Rc2+ 53. Kh3 Rf2 54. Kg4 c2 55. Rc8+ Kh7 56. e6 fxe6 57. fxe6 c1=Q 58. Rxc1 Nxc1 59. e7 Re2 60. Bd8 Nd3 61. Kf3 Re1 62. g4 Kg6 63. h5+ Kf7 64. Kg2 Rxe7 65. Bxe7 Kxe7 66. Kf3 Kf6 67. Ke4 Nf2+ 68. Kf4 Nd3+ 69. Ke4 Nc5+ 70. Kf4 Ne6+ 71. Kf3 Kg5 72. Kg3 Nd4 73. Kh3 Nc6 74. Kg3 Ne5 0-1


[Site "https://www.chess.com"]

[Event "Early Titled Tuesday Blitz | February 8 2022"]
[White "Derraugh, Geordie"]
[Black "Bilan, Danila"]
[WhiteFideId "2603950"]
[BlackFideId "24161918"]
[WhiteElo "2116"]
[BlackElo "2164"]
[Result "1-0"]
[Round "06"]
[TimeControl "180+1"]
[Date "2022.02.08"]
[WhiteClock "0:00:10"]
[BlackClock "0:00:02"]

1. e4 c6 2. d4 d5 3. f3 dxe4 4. fxe4 e5 5. Nf3 Bg4 6. Bc4 Bxf3 7. Qxf3 Nf6 8. dxe5 Qa5+ 9. Nc3 Qxe5 10. Bf4 Qd4 11. Bxf7+ Kxf7 12. e5 Bb4 13. exf6 Re8+ 14. Kf1 Qc4+ 15. Ne2 Rxe2 16. Qh5+ Kg8 17. Qxe2 Qxf4+ 18. Qf3 Qc4+ 19. Qd3 Qf7 20. Qd8+ Bf8 21. Re1 Na6 22. Qxa8 Qxf6+ 23. Ke2 Qe5+ 24. Kd1 Qxb2 25. Rhf1 Qb1+ 26. Kd2 Qb4+ 27. Kc1 Qa3+ 28. Kd1 Nc7 29. Qd8 Nd5 30. Rxf8+ Qxf8 31. Re8 1-0


[Site "https://www.chess.com"]

[Event "Early Titled Tuesday Blitz | February 8 2022"]
[White "Dew, Brian"]
[Black "Rudzinska, Michalina"]
[WhiteFideId "6000495"]
[BlackFideId "1172883"]
[WhiteElo "2118"]
[BlackElo "1904"]
[Result "1-0"]
[Round "06"]
[TimeControl "180+1"]
[Date "2022.02.08"]
[WhiteClock "0:00:15"]
[BlackClock "0:00:01"]

1. e4 Na6 2. d4 b6 3. Nf3 g6 4. c3 Bg7 5. Bd3 c5 6. d5 d6 7. Bxa6 Bxa6 8. Qa4+ Qd7 9. Qxa6 Nf6 10. Nbd2 Qg4 11. Qa4+ Nd7 12. O-O O-O 13. h3 Qh5 14. Qxd7 f5 15. e5 dxe5 16. Nxe5 h6 17. Ndf3 Kh7 18. c4 Rad8 19. Qa4 f4 20. Qc2 Rd6 21. Re1 Kg8 22. b3 g5 23. Bb2 Qe8 24. Nc6 e6 25. Bxg7 Kxg7 26. Qc3+ Rf6 27. Nce5 h5 28. Nxg5 Kh6 29. Nef3 Qg6 30. dxe6 h4 31. e7 Qe8 32. Qe5 Rg6 33. Qxf4 Rdf6 34. Qxh4+ Kg7 35. Qh7# 1-0


[Site "https://www.chess.com"]

[Event "Early Titled Tuesday Blitz | February 8 2022"]
[White "Dilmukhametov, Artur"]
[Black "Lopez Mulet, Inigo"]
[WhiteFideId "24179922"]
[BlackFideId "22235620"]
[WhiteElo "2266"]
[BlackElo "2315"]
[Result "0-1"]
[Round "06"]
[TimeControl "180+1"]
[Date "2022.02.08"]
[WhiteClock "0:00:08"]
[BlackClock "0:01:13"]

1. e4 g6 2. d4 Bg7 3. Nc3 c5 4. dxc5 Bxc3+ 5. bxc3 Qa5 6. Bd2 Nc6 7. Nf3 Qxc5 8. Bd3 Nf6 9. O-O O-O 10. Re1 d6 11. h3 Rd8 12. Rb1 a6 13. Qe2 Qh5 14. Bf4 Nd7 15. Bc4 Nde5 16. Nxe5 Qxe2 17. Rxe2 Nxe5 18. Bxe5 dxe5 19. a4 Kg7 20. Rb6 Rd7 21. Kf1 Rc7 22. Bd5 Rxc3 23. Ke1 Rb8 24. Kd2 Rc5 25. Re3 e6 26. Bb3 Bd7 27. Rc3 Rxc3 28. Kxc3 Bc6 29. f3 Kf6 30. Bc4 Rc8 31. Kb4 Ke7 32. Bd3 Kd6 33. a5 Kc7 34. Kc5 Ba4 35. Kb4 Bc6 36. Kc5 Kd7 37. Kb4 Kd6 38. c4 h5 39. c5+ Kc7 40. Bc4 Rd8 41. Kc3 Rd1 42. Rb2 h4 43. Rc2 Ba4 44. Rd2 Rxd2 45. Kxd2 Kc6 46. Kc3 Kxc5 47. Bd3 Bb5 48. Bc2 Bf1 0-1


[Site "https://www.chess.com"]

[Event "Early Titled Tuesday Blitz | February 8 2022"]
[White "Dushyant Sharma"]
[Black "Allahverdiyeva, Ayan"]
[WhiteFideId "25065130"]
[BlackFideId "13412590"]
[WhiteElo "2012"]
[BlackElo "1910"]
[Result "0-1"]
[Round "06"]
[TimeControl "180+1"]
[Date "2022.02.08"]
[WhiteClock "0:01:02"]
[BlackClock "0:00:05"]

1. e4 c5 2. Nf3 d6 3. d4 cxd4 4. Nxd4 Nf6 5. Nc3 a6 6. f4 e6 7. Nf3 Be7 8. Bd3 Nbd7 9. a4 Qc7 10. O-O O-O 11. Kh1 b6 12. Qe1 Bb7 13. Bd2 Nc5 14. b4 Nxd3 15. cxd3 Rac8 16. Rc1 Qb8 17. Qf2 Ba8 18. Qg3 Kh8 19. Qh3 Kg8 20. Ng5 h6 21. Nxe6 fxe6 22. Qxe6+ Rf7 23. Nd5 Re8 24. Nxe7+ Rxe7 25. Rc8+ Kh7 26. Qxf7 Qxc8 27. Qxe7 Qg4 28. Bc3 Qe2 29. Rg1 Kg6 30. f5+ Kh5 31. Bxf6 gxf6 32. Qg7 Kh4 33. Qxh6+ Kg4 34. Qh3+ Kg5 35. Qg3+ Kh5 36. Qg6+ Kh4 37. g3+ Kh3 38. Qh5+ Qxh5 39. g4 Qh8 40. Rg3+ Kh4 41. Kg2 Qc8 42. Rh3+ Kxg4 43. Rg3+ Kh5 44. Rh3+ Kg5 45. Rg3+ Kh6 46. Rg6+ Kh7 47. Rxf6 Qc2+ 48. Kf3 Qxd3+ 49. Kf4 Qxe4+ 50. Kg5 Qe3+ 51. Kh4 Bf3 52. Rg6 Qf4+ 53. Kh3 Qxf5+ 54. Rg4 Qxg4# 0-1


[Site "https://www.chess.com"]

[Event "Early Titled Tuesday Blitz | February 8 2022"]
[White "Dylag, Emilia"]
[Black "Samaganova, Aleksandra"]
[WhiteFideId "21805172"]
[BlackFideId "13800221"]
[WhiteElo "1932"]
[BlackElo "1859"]
[Result "1-0"]
[Round "06"]
[TimeControl "180+1"]
[Date "2022.02.08"]
[WhiteClock "0:00:28"]
[BlackClock "0:00:02"]

1. d4 Nf6 2. c4 e6 3. Nc3 Bb4 4. a3 Bxc3+ 5. bxc3 b6 6. f3 Bb7 7. e4 d6 8. Bd3 O-O 9. Nh3 Nbd7 10. O-O e5 11. Bg5 h6 12. Bh4 Qe8 13. Qc2 c6 14. Rae1 Ba6 15. f4 Ng4 16. Qe2 Ndf6 17. fxe5 dxe5 18. d5 Rc8 19. Kh1 Qd7 20. Ng1 Nh7 21. Nf3 Rfe8 22. Bg3 cxd5 23. cxd5 Bxd3 24. Qxd3 Qd6 25. h3 Ngf6 26. c4 Qc5 27. Nxe5 Ng5 28. h4 Ngh7 29. Qf3 Nf8 30. Rc1 Re7 31. Rfe1 N8d7 32. Nd3 Qxa3 33. e5 Nh7 34. Qf5 Nc5 35. Qxc8+ Nf8 36. Nxc5 bxc5 37. Bf2 1-0


[Site "https://www.chess.com"]

[Event "Early Titled Tuesday Blitz | February 8 2022"]
[White "Erigaisi Arjun"]
[Black "Bortnyk, Olexandr"]
[WhiteFideId "35009192"]
[BlackFideId "14120828"]
[WhiteElo "2745"]
[BlackElo "2723"]
[Result "1/2-1/2"]
[Round "06"]
[TimeControl "180+1"]
[Date "2022.02.08"]
[WhiteClock "0:00:08"]
[BlackClock "0:00:05"]

1. Nf3 Nf6 2. c4 b6 3. g3 Bb7 4. Bg2 g6 5. O-O Bg7 6. d4 O-O 7. d5 c6 8. Nc3 cxd5 9. cxd5 d6 10. Nd4 Nbd7 11. Nc6 Qe8 12. Nb5 Rc8 13. Nbxa7 Rc7 14. Nb5 Rc8 15. Be3 Nxd5 16. Nxe7+ Qxe7 17. Bxd5 Bxd5 18. Qxd5 Bxb2 19. Nxd6 Bxa1 20. Nxc8 Rxc8 21. Rxa1 Nf6 22. Qf3 Qe6 23. Bd4 Ne4 24. Qe3 b5 25. Rc1 Rd8 26. Ba1 Re8 27. f3 Nd6 28. Qd4 f6 29. e4 Rd8 30. Qxf6 Qxf6 31. Bxf6 Ra8 32. Rc2 Nc4 33. Bd4 Kf7 34. Kf2 Ke6 35. f4 Ra3 36. Bc5 Rd3 37. a4 Rd2+ 38. Rxd2 Nxd2 39. Ke3 Nb3 40. Bb4 bxa4 41. Kd3 Nc1+ 42. Kd2 Nb3+ 43. Kc3 h5 44. Ba3 Kd7 45. h3 Ke6 46. g4 hxg4 47. hxg4 g5 48. fxg5 Na5 49. Kb4 Nc6+ 50. Kxa4 Ke5 51. g6 Kf6 52. Kb5 Nd8 53. Kc5 Kxg6 54. Kd6 Kf7 55. Kd7 Ne6 56. Bd6 Ng5 57. e5 Ne6 58. Be7 Nd4 59. g5 Kg6 60. Bf6 Kf5 61. Ke7 Nc6+ 62. Kf7 Nxe5+ 63. Kg7 Ng6 64. Kh6 Nf4 65. Kg7 Nh5+ 66. Kh6 Nxf6 67. gxf6 Kxf6 1/2-1/2


[Site "https://www.chess.com"]